Map: Apoteoza ER

Players

AnDreJOO - Winner!

  • Race: Protoss Protoss
  • League: Master

SiGG

  • Race: Zerg Zerg
  • League: Master

VOD

Have the link to the VOD?

Description

Time

  • Played on: July 24, 2016, 8:18 a.m.
  • Length: 7:21
Show
View Real Time Build Order
Export as new Build Order

AnDreJOO Protoss - Winner!

Build Orders:  

Get SALT Encoding   

  12  0:01  Probe (Chrono Boost)  
  13  0:18  Probe (Chrono Boost)  
  13  0:19  Pylon  
  15  0:28  Probe (Chrono Boost)  
  15  0:38  Gateway  
  15  0:40  Probe (Chrono Boost)  
  16  0:50  Probe (Chrono Boost)  
  16  0:52  Assimilator  
  17  1:01  Probe (Chrono Boost)  
  18  1:06  Gateway  
  18  1:11  Probe (Chrono Boost)  
  19  1:27  Cybernetics Core  
  19  1:46  Nexus  
  19  2:01  Adept  
  19  2:02  Adept  
  19  2:03  Warp Gate  
  23  2:12  Pylon  
  23  2:15  Assimilator  
  23  2:29  Adept  
  26  2:30  Probe (Chrono Boost)  
  26  2:41  Probe (Chrono Boost)  
  26  2:42  Twilight Council  
  27  2:51  Probe (Chrono Boost)  
  28  3:00  Probe (Chrono Boost)  
  28  3:02  Probe (Chrono Boost)  
  30  3:08  Robotics Facility  
  30  3:11  Probe (Chrono Boost)  
  31  3:26  Probe (Chrono Boost)  
  30  3:28  Adept  
  30  3:31  Probe (Chrono Boost)  
  33  3:37  Probe (Chrono Boost)  
  34  3:42  Probe (Chrono Boost)  
  34  3:45  Gateway  
  34  3:47  Probe (Chrono Boost)  
  36  3:49  Resonating Glaives, Gateway  
  36  3:55  Probe (Chrono Boost)  
  37  3:59  Probe (Chrono Boost)  
  38  4:06  Warp Prism  
  38  4:09  Adept  
  42  4:19  Probe (Chrono Boost), Mothership Core (Chrono Boost)  
  42  4:24  Pylon  
  43  4:29  Pylon  
  43  4:32  Adept  
  45  4:42  Adept  
  48  4:46  Observer  
  48  4:47  Probe (Chrono Boost)  
  48  4:51  Probe (Chrono Boost)  
  48  4:52  Pylon  
  50  4:59  Probe (Chrono Boost)  
  51  5:03  Probe (Chrono Boost)  
  52  5:15  Adept  
  52  5:16  Adept x3, Probe x2 (Chrono Boost)  
  52  5:20  Pylon  
  62  5:37  Adept x4  
  70  5:50  Probe (Chrono Boost)  
  70  5:55  Probe (Chrono Boost)  
  63  6:03  Adept x4  
  69  6:06  Probe (Chrono Boost)  
  70  6:17  Probe (Chrono Boost)  
  70  6:18  Probe (Chrono Boost)  
  68  6:24  Stalker x3  
  68  6:25  Stalker  
  74  6:29  Probe (Chrono Boost)  
  74  6:30  Probe (Chrono Boost)  
  74  6:39  Assimilator  
  75  6:41  Probe (Chrono Boost)  
  75  6:42  Probe (Chrono Boost), Assimilator  
  76  6:53  Probe (Chrono Boost)  
  78  6:54  Probe (Chrono Boost)  
  78  7:05  Probe (Chrono Boost)  
  78  7:10  Probe (Chrono Boost)  
  78  7:14  Gateway x2  
  78  7:16  Nexus  
  78  7:17  Gateway  
  78  7:19  Pylon  
  78  7:21  Stargate x2  
Show
View Real Time Build Order
Export as new Build Order

SiGG Zerg 

Build Orders: Hatch First 

Get SALT Encoding   

  12  0:01  Drone  
  13  0:16  Overlord  
  13  0:19  Drone  
  14  0:34  Drone x2  
  16  0:38  Drone  
  17  0:49  Drone  
  18  0:57  Hatchery  
  18  1:03  Drone, Extractor  
  17  1:16  Spawning Pool  
  17  1:17  Drone  
  17  1:21  Drone  
  18  1:31  Drone  
  19  1:49  Overlord  
  19  1:53  Drone  
  20  2:02  Queen  
  20  2:08  Zergling x2  
  23  2:09  Queen  
  23  2:10  Drone  
  23  2:14  Metabolic Boost  
  26  2:16  Drone  
  26  2:21  Drone  
  28  2:31  Drone x2  
  30  2:43  Hatchery  
  29  2:46  Drone x2  
  31  2:53  Pneumatized Carapace  
  31  2:55  Zergling x4  
  32  3:00  Zergling x2  
  33  3:06  Zergling x2  
  33  3:09  Overlord  
  33  3:25  Drone x4  
  34  3:31  Queen  
  34  3:33  Drone x4  
  40  3:41  Baneling Nest  
  40  3:43  Drone  
  40  3:58  Overlord, Drone x2  
  40  3:59  Drone x2  
  44  4:03  Drone  
  44  4:09  Drone x3  
  47  4:13  Lair  
  47  4:15  Extractor  
  46  4:18  Queen  
  46  4:21  Drone x2  
  46  4:23  Drone  
  51  4:32  Drone x3, Extractor  
  51  4:33  Overlord  
  51  4:34  Overlord  
  53  4:39  Evolution Chamber  
  53  4:40  Evolution Chamber  
  53  4:42  Zergling x2  
  53  4:43  Zergling x6  
  53  4:45  Zergling x2  
  56  4:46  Zergling x2  
  57  5:00  Zergling x6  
  57  5:02  Baneling x4  
  57  5:04  Baneling x3  
  57  5:06  Zerg Melee Weapons Level 1  
  60  5:14  Overlord x2  
  60  5:16  Drone x2  
  60  5:17  Extractor  
  60  5:19  Extractor  
  60  5:23  Zerg Ground Armor Level 1  
  60  5:28  Zergling x6  
  63  5:29  Hatchery  
  63  5:30  Spore Crawler  
  63  5:32  Baneling x2  
  61  5:48  Drone x4  
  60  6:02  Zergling x2  
  60  6:03  Zergling x8  
  48  6:13  Drone x3  
  48  6:17  Drone x3  
  48  6:18  Drone x3  
  50  6:20  Zergling x2  
  49  6:29  Baneling x2  
  49  6:30  Baneling x3  
  49  6:31  Zergling x8  
  41  6:46  Spire  
  28  7:10  Spawning Pool  
Tags
 
Add a new tag
Caveats
  • Supply blocks, unpowered buildings, or Contaminate may cause inaccurate times.
  • Supply counts are checked every 10 seconds.